[Event "ICC tourney 2413 (45 10)"]
[Site "Internet Chess Club"]
[Date "2021.02.27"]
[Round "5"]
[White "Nagarajan, Ramesh:rnagaraj"]
[Black "VALE CRUZ, ARMIN:trucker"]
[Result "0-1"]
[ICCResult "White resigns"]
[WhiteElo "1472"]
[BlackElo "1640"]
[Opening "King's gambit"]
[ECO "C30"]
[NIC "KG.05"]
[Time "21:02:48"]
[PlyCount "60"]
[TimeControl "2700+10"]

1. e4 e5 2. f4 Nc6 3. Nf3 d6 4. Bc4 Be7 5. O-O Nf6 6. d3 O-O 7. Nc3 a6 8.
fxe5 dxe5 9. Be3 Be6 10. Bxe6 fxe6 11. a3 Qe8 12. Qe1 Qh5 13. Qg3 h6 14. b4
Nd7 15. Ne2 Rf6 16. Qe1 Raf8 17. c3 g5 18. Qd2 g4 19. Ng3 Qg6 20. Nh4 Rxf1+
21. Rxf1 Rxf1+ 22. Nxf1 Bxh4 23. Bxh6 Nd8 24. g3 Be7 25. Be3 Nf7 26. d4
Qxe4 27. dxe5 Ndxe5 28. Bf4 Nf3+ 29. Kf2 Nxd2 30. Nxd2 Qh1 { White resigns
} 0-1

[Event "ICC tourney 2413 (45 10)"]
[Site "Internet Chess Club"]
[Date "2021.02.27"]
[Round "5"]
[White "GUNDRA, HEMTEJ:hemtej-g"]
[Black "WONG, WYATT:MYMChessWyatt"]
[Result "0-1"]
[ICCResult "White resigns"]
[WhiteElo "1547"]
[BlackElo "1284"]
[Opening "King's Indian: London system"]
[ECO "A45"]
[NIC "QP.03"]
[Time "21:02:44"]
[PlyCount "66"]
[TimeControl "2700+10"]

1. d4 Nf6 2. Bf4 g6 3. Nf3 Bg7 4. c3 O-O 5. e3 d5 6. Bd3 Nc6 7. O-O Nd7 8.
Nbd2 e5 9. dxe5 Ndxe5 10. Nxe5 Nxe5 11. Nf3 Bg4 12. Be2 Bxf3 13. Bxf3 Nxf3+
14. Qxf3 Re8 15. Rad1 c6 16. Qh3 Qf6 17. Bh6 Bxh6 18. Qxh6 Re4 19. Rd4 Rae8
20. Qh3 Qg5 21. Rxe4 Rxe4 22. Qc8+ Kg7 23. Qxb7 Rg4 24. g3 h5 25. Qxc6 h4
26. Qd6 h3 27. f4 Rxg3+ 28. Kf2 Rf3+ 29. Ke1 Rxf1+ 30. Kxf1 Qg2+ 31. Ke1
Qh1+ 32. Kd2 Qxh2+ 33. Kd3 Qg2 { White resigns } 0-1

[Event "ICC tourney 2413 (45 10)"]
[Site "Internet Chess Club"]
[Date "2021.02.27"]
[Round "5"]
[White "BRUDNO, STEPHEN:StevChess01"]
[Black "TREUSDELL , ROSS:IveDoneEnough"]
[Result "0-1"]
[ICCResult "White resigns"]
[WhiteElo "1661"]
[BlackElo "1584"]
[Opening "King's Indian: Sämisch, 5...O-O"]
[ECO "E81"]
[NIC "KI.54"]
[Time "21:02:46"]
[PlyCount "98"]
[TimeControl "2700+10"]

1. d4 Nf6 2. c4 g6 3. f3 Bg7 4. e4 d6 5. Nc3 O-O 6. Be3 c6 7. Bd3 e5 8. d5
Ne8 9. Nge2 f5 10. Qd2 Na6 11. O-O-O cxd5 12. cxd5 Bd7 13. Kb1 Qa5 14. Nb5
Qxd2 15. Rxd2 Bxb5 16. Bxb5 Nec7 17. Bxa6 Nxa6 18. Nc3 Nc7 19. Rc1 Rfc8 20.
Rdc2 Ne8 21. Nb5 Rxc2 22. Rxc2 fxe4 23. fxe4 a6 24. Nc7 Nxc7 25. Rxc7 b5
26. Rc6 Bf8 27. Bb6 Be7 28. Ba5 Rf8 29. Rxa6 Rf1+ 30. Kc2 Rf2+ 31. Kc3 Rxg2
32. Bc7 Rxh2 33. Bxd6 Bxd6 34. Rxd6 Re2 35. Rb6 Rxe4 36. d6 Rd4 37. Rxb5
Rxd6 38. Rxe5 h5 39. b4 h4 40. Re3 g5 41. Kc4 g4 42. Re4 Rg6 43. b5 g3 44.
Re1 h3 45. b6 Rxb6 46. Rg1 Rg6 47. Kd3 h2 48. Rh1 g2 49. Rxh2 g1=Q { White
resigns } 0-1

[Event "ICC tourney 2413 (45 10)"]
[Site "Internet Chess Club"]
[Date "2021.02.27"]
[Round "5"]
[White "TIPPA, ASWATH SRISAI:IGMin2023"]
[Black "BASTIANI-FONCK, CLAUDIO:Cbf577"]
[Result "0-1"]
[ICCResult "White checkmated"]
[WhiteElo "932"]
[BlackElo "1377"]
[Opening "Sicilian: Labourdonnais-Löwenthal variation"]
[ECO "B32"]
[NIC "SI.32"]
[Time "21:02:50"]
[PlyCount "92"]
[TimeControl "2700+10"]

1. e4 c5 2. Nf3 Nc6 3. d4 cxd4 4. Nxd4 e5 5. Nf5 d6 6. Nc3 Nf6 7. Bg5 Bxf5
8. exf5 Be7 9. Bc4 O-O 10. h4 Nd4 11. Ne2 Nxf5 12. Bd3 e4 13. Bxf6 exd3 14.
Qxd3 Bxf6 15. Qxf5 Re8 16. Qd3 Qe7 17. h5 h6 18. f4 Bxb2 19. Rb1 Bf6 20. g4
b6 21. g5 hxg5 22. h6 g6 23. h7+ Kh8 24. fxg5 Bxg5 25. Rf1 Bf6 26. Rh1 Qe4
27. Rf1 Qxd3 28. cxd3 Kg7 29. Rb4 Bc3+ 30. Kd1 Bxb4 31. Rh1 Re3 32. Nd4
Rxd3+ 33. Kc2 Rxd4 34. Kb3 Bc5 35. Kc3 Rh8 36. Rb1 Rxh7 37. Kb2 Rb4+ 38.
Kc2 Rxb1 39. Kxb1 Rh2 40. a4 Rf2 41. a5 g5 42. axb6 axb6 43. Kc1 g4 44. Kd1
g3 45. Ke1 g2 46. Kd1 g1=Q# { White checkmated } 0-1

[Event "ICC tourney 2413 (45 10)"]
[Site "Internet Chess Club"]
[Date "2021.02.27"]
[Round "5"]
[White "SUSANTO, RIDWAN:fhunfi"]
[Black "Templeton, Alexander:ajttja"]
[Result "1/2-1/2"]
[ICCResult "Game drawn by mutual agreement"]
[WhiteElo "1695"]
[BlackElo "1695"]
[Opening "Sicilian: closed"]
[ECO "B23"]
[NIC "SI.44"]
[Time "21:02:47"]
[PlyCount "34"]
[TimeControl "2700+10"]

1. e4 c5 2. Nc3 e6 3. Nf3 Nc6 4. Bb5 a6 5. Bxc6 dxc6 6. d3 Nf6 7. O-O Be7
8. Qe2 O-O 9. Rd1 b5 10. h3 Qc7 11. Be3 e5 12. Nd2 Be6 13. Nf1 c4 14. Ng3
cxd3 15. cxd3 Rfd8 16. b3 c5 17. Rac1 Rac8 { Game drawn by mutual agreement
} 1/2-1/2

[Event "ICC tourney 2413 (45 10)"]
[Site "Internet Chess Club"]
[Date "2021.02.27"]
[Round "5"]
[White "LAIDO, OLIVIA:beibeiolivia"]
[Black "PARKER, MICHAEL WAYNE:BobbyFissure"]
[Result "1-0"]
[ICCResult "Black resigns"]
[WhiteElo "1461"]
[BlackElo "1504"]
[Opening "Alekhine's defense"]
[ECO "B03"]
[NIC "AL.09"]
[Time "21:02:51"]
[PlyCount "91"]
[TimeControl "2700+10"]

1. e4 Nf6 2. e5 Nd5 3. d4 g6 4. Bc4 Nb6 5. Bb3 Bg7 6. Nf3 O-O 7. O-O d6 8.
Bf4 Bg4 9. h3 Bxf3 10. Qxf3 Nc6 11. Qe3 Na5 12. Nc3 Nxb3 13. axb3 Qd7 14.
Rfd1 c6 15. Qg3 Rfd8 16. h4 h5 17. Ne4 Nd5 18. Bg5 Qg4 19. Qxg4 hxg4 20. c4
f6 21. cxd5 cxd5 22. exf6 exf6 23. Nxf6+ Bxf6 24. Bxf6 Re8 25. Re1 Kf7 26.
Bg5 a6 27. Kh2 Re4 28. Rxe4 dxe4 29. Re1 d5 30. Kg3 Rc8 31. Rc1 Rc6 32.
Rxc6 bxc6 33. Kxg4 Ke6 34. Bd8 c5 35. dxc5 d4 36. Ba5 Kd5 37. Kf4 d3 38. c6
Kxc6 39. Kxe4 Kb5 40. Bd2 Kc5 41. Kxd3 Kd5 42. Ke3 Ke5 43. g4 Kf6 44. Kf4
Kg7 45. Kg5 Kh7 46. Bc3 { Black resigns } 1-0

[Event "ICC tourney 2413 (45 10)"]
[Site "Internet Chess Club"]
[Date "2021.02.27"]
[Round "5"]
[White "HEBBAR, ESHAAN:solveur"]
[Black "PULLABHOTLA, ABHINAV:Abhinac123"]
[Result "1-0"]
[ICCResult "Black checkmated"]
[WhiteElo "1560"]
[BlackElo "1619"]
[Opening "QGD"]
[ECO "D52"]
[NIC "SL.03"]
[Time "21:02:48"]
[PlyCount "77"]
[TimeControl "2700+10"]

1. d4 d5 2. c4 c6 3. Nc3 Nf6 4. Nf3 e6 5. Bg5 Nbd7 6. e3 Bd6 7. Bd3 O-O 8.
O-O dxc4 9. Bxc4 e5 10. d5 Nb6 11. Bb3 cxd5 12. Nxd5 Nbxd5 13. Bxd5 h6 14.
Bh4 g5 15. Bg3 e4 16. Bxd6 Re8 17. Ne5 Be6 18. Bxb7 Nd5 19. Bxd5 Qxd6 20.
Bxa8 Qxe5 21. Bc6 Rc8 22. Rc1 Qxb2 23. Bxe4 Rf8 24. Qa4 f5 25. Bd3 Qe5 26.
Qxa7 Rf7 27. Qc5 Qf6 28. Bc4 f4 29. Bxe6 Qxe6 30. Qc8+ Qxc8 31. Rxc8+ Kg7
32. a4 Ra7 33. Ra1 Rb7 34. a5 Ra7 35. a6 Kg6 36. Rc6+ Kh5 37. h3 f3 38. g4+
Kh4 39. Rxh6# { Black checkmated } 1-0

[Event "ICC tourney 2413 (45 10)"]
[Site "Internet Chess Club"]
[Date "2021.02.27"]
[Round "5"]
[White "HU, ANGELA:AngelaIL203"]
[Black "LOU, ELIJAH:ElijahL2020"]
[Result "1/2-1/2"]
[ICCResult "Black stalemated"]
[WhiteElo "1228"]
[BlackElo "1237"]
[Opening "Giuoco Piano"]
[ECO "C50"]
[NIC "IG.02"]
[Time "21:02:48"]
[PlyCount "133"]
[TimeControl "2700+10"]

1. e4 e5 2. Nf3 Nc6 3. Bc4 Bc5 4. O-O Nf6 5. Nc3 O-O 6. d3 h6 7. h3 d6 8.
Be3 Bxe3 9. fxe3 Qe7 10. Qe2 Be6 11. Bb3 Bxb3 12. axb3 Rfd8 13. d4 exd4 14.
exd4 d5 15. exd5 Qxe2 16. Nxe2 Nxd5 17. Rfd1 Ne3 18. Rd2 Nb4 19. Ne1 c5 20.
c3 Nbd5 21. dxc5 Nf5 22. g4 Nfe7 23. Rad1 Re8 24. Ng2 Nf6 25. Nef4 Nc6 26.
c4 Rad8 27. Rxd8 Rxd8 28. Rxd8+ Nxd8 29. Kf2 Ne4+ 30. Ke3 Nxc5 31. b4 Nce6
32. Nxe6 Nxe6 33. Nf4 Nxf4 34. Kxf4 Kf8 35. Ke5 Ke7 36. Kd5 Kd7 37. b5 b6
38. b3 g6 39. h4 f6 40. b4 Ke7 41. c5 h5 42. gxh5 gxh5 43. c6 f5 44. c7 Kd7
45. Ke5 Kxc7 46. Kxf5 Kd6 47. Kg5 Ke6 48. Kxh5 Kf6 49. Kh6 Kf7 50. Kg5 Kg7
51. h5 Kh7 52. h6 Kh8 53. Kg6 Kg8 54. h7+ Kh8 55. Kf6 Kxh7 56. Ke6 Kg7 57.
Kd6 Kf7 58. Kc7 Ke7 59. Kb7 Kd7 60. Kxa7 Kc7 61. Ka6 Kc8 62. Kxb6 Kb8 63.
Kc6 Kc8 64. b6 Kb8 65. b7 Ka7 66. Kc7 Ka6 67. b8=Q { Black stalemated }
1/2-1/2

[Event "ICC tourney 2413 (45 10)"]
[Site "Internet Chess Club"]
[Date "2021.02.27"]
[Round "5"]
[White "MERCER, LOGAN WILSON:LoganMercer"]
[Black "Shah, Sajan Mallick:sajanmshah10"]
[Result "1/2-1/2"]
[ICCResult "Game drawn by repetition"]
[WhiteElo "1551"]
[BlackElo "1472"]
[Opening "Nimzovich-Larsen attack: modern variation"]
[ECO "A01"]
[NIC "VO.08"]
[Time "21:02:48"]
[PlyCount "90"]
[TimeControl "2700+10"]

1. b3 e5 2. Bb2 Nc6 3. e3 d5 4. Bb5 Bd6 5. Nf3 Bg4 6. h3 Bh5 7. g4 Bg6 8.
Bxc6+ bxc6 9. Nxe5 Bxe5 10. Bxe5 Nf6 11. d3 O-O 12. Nd2 Re8 13. Bb2 Qd6 14.
Qf3 Nd7 15. O-O-O Nc5 16. h4 h6 17. h5 Bh7 18. Ba3 Nxd3+ 19. cxd3 Qxa3+ 20.
Kc2 Qxa2+ 21. Kc3 Qa5+ 22. b4 Qb5 23. Nb3 Rab8 24. Qf4 Be4 25. dxe4 Qxb4+
26. Kc2 Qxb3+ 27. Kd2 Qa2+ 28. Ke1 Qa5+ 29. Ke2 Rxe4 30. Qf5 Qa6+ 31. Kf3
Rb2 32. Rhe1 Qa2 33. Qc8+ Kh7 34. Qf5+ Kg8 35. Qc8+ Kh7 36. Qf5+ Kh8 37.
Qc8+ Kh7 38. Qf5+ Kh8 39. Qc8+ Kh7 40. Qf5+ g6 41. Qxf7+ Kh8 42. Qf8+ Kh7
43. Qf7+ Kh8 44. Qf8+ Kh7 45. Qf7+ Kh8 { Game drawn by repetition } 1/2-1/2

[Event "ICC tourney 2413 (45 10)"]
[Site "Internet Chess Club"]
[Date "2021.02.27"]
[Round "5"]
[White "Achuthan, Aryan:kingAryan10"]
[Black "Sun, Ethan:ethansun188"]
[Result "0-1"]
[ICCResult "White checkmated"]
[WhiteElo "1631"]
[BlackElo "1337"]
[Opening "King's Indian: 5.Nf3"]
[ECO "E90"]
[NIC "KI.21"]
[Time "21:02:58"]
[PlyCount "80"]
[TimeControl "2700+10"]

1. d4 Nf6 2. c4 g6 3. Nc3 Bg7 4. e4 d6 5. Nf3 O-O 6. Bd3 Nbd7 7. O-O e5 8.
d5 Ne8 9. Bg5 f6 10. Bh4 Qe7 11. b4 Qf7 12. Bg3 f5 13. Ng5 Qe7 14. Ne6 Rf7
15. f3 f4 16. Bf2 Ndf6 17. Nxg7 Rxg7 18. c5 g5 19. Kh1 h5 20. cxd6 cxd6 21.
Nb5 a6 22. Nc3 g4 23. Bh4 Qf7 24. Na4 gxf3 25. gxf3 Bh3 26. Rg1 Kh7 27. Nb6
Rd8 28. Qc2 Qe7 29. Rxg7+ Qxg7 30. Rg1 Qf7 31. Bf1 Bxf1 32. Rxf1 Rb8 33.
Rc1 Nd7 34. Qf2 Nxb6 35. Qxb6 Qd7 36. Qg1 Rc8 37. Rxc8 Qxc8 38. Qg5 Ng7 39.
Qe7 Qh3 40. Bf6 Qf1# { White checkmated } 0-1

[Event "ICC tourney 2413 (45 10)"]
[Site "Internet Chess Club"]
[Date "2021.02.27"]
[Round "5"]
[White "Pugachev, Michael E:Mpugachev"]
[Black "RAJU, YAKSHWAG REDDY:Yakshwag"]
[Result "0-1"]
[ICCResult "White resigns"]
[WhiteElo "1630"]
[BlackElo "1382"]
[Opening "Sicilian: closed"]
[ECO "B23"]
[NIC "SI.44"]
[Time "21:02:50"]
[PlyCount "64"]
[TimeControl "2700+10"]

1. e4 c5 2. Nc3 e6 3. g3 Nc6 4. Bg2 Nf6 5. d3 d5 6. f4 Be7 7. e5 Nd7 8. Nf3
f6 9. exf6 Nxf6 10. O-O O-O 11. Re1 Re8 12. Bd2 Bd6 13. Ne2 e5 14. fxe5
Nxe5 15. Nf4 Bg4 16. h3 Nxf3+ 17. Bxf3 Bxf4 18. Rxe8+ Qxe8 19. Bxf4 Bxh3
20. g4 Bxg4 21. Bxd5+ Nxd5 22. Qxg4 Nxf4 23. Qxf4 Qe7 24. Qg3 Re8 25. Qg2
Qe3+ 26. Kh1 Re6 27. Qd5 Kh8 28. Qd8+ Re8 29. Qd6 Qf3+ 30. Kg1 Rf8 31. Qxc5
Qg4+ 32. Kh2 Rf3 { White resigns } 0-1

[Event "ICC tourney 2413 (45 10)"]
[Site "Internet Chess Club"]
[Date "2021.02.27"]
[Round "5"]
[White "GINZBURG, LIORA:Liopleuradon15"]
[Black "JIANG, JASON:JasonJiang10"]
[Result "0-1"]
[ICCResult "White resigns"]
[WhiteElo "1448"]
[BlackElo "1596"]
[Opening "QGD: Semi-Tarrasch defense, Pillsbury variation"]
[ECO "D40"]
[NIC "TD.05"]
[Time "21:02:49"]
[PlyCount "82"]
[TimeControl "2700+10"]

1. Nf3 d5 2. d4 c5 3. c4 e6 4. Nc3 Nf6 5. Bg5 dxc4 6. e4 Be7 7. Bxc4 cxd4
8. Nxd4 O-O 9. O-O h6 10. Bh4 Bd7 11. Ndb5 g5 12. Bg3 Bxb5 13. Bxb5 Nc6 14.
Bxc6 bxc6 15. Qe2 Qb6 16. Kh1 Rad8 17. f4 Nh7 18. Rab1 Kg7 19. e5 c5 20.
Ne4 f6 21. fxg5 fxg5 22. Qh5 Qa6 23. Nf6 Nxf6 24. exf6+ Bxf6 25. Rxf6 Rxf6
26. Be5 Rf8 27. Qf3 Kg6 28. Bxf6 Rxf6 29. Qe4+ Kg7 30. Qe5 Qd3 31. Rg1 Qd5
32. Qc7+ Rf7 33. Qa5 e5 34. h3 e4 35. Rc1 e3 36. Qc3+ Qd4 37. Qe1 Qe5 38.
Kg1 e2 39. Qc3 Qd4+ 40. Qxd4+ cxd4 41. g4 d3 { White resigns } 0-1

[Event "ICC tourney 2413 (45 10)"]
[Site "Internet Chess Club"]
[Date "2021.02.27"]
[Round "5"]
[White "KEYWORTH, PAUL:KawordianKnight"]
[Black "MARTINEZ, ABEL:abelMZ084"]
[Result "1/2-1/2"]
[ICCResult "Game drawn by repetition"]
[WhiteElo "1561"]
[BlackElo "1667"]
[Opening "Torre attack (Tartakower variation)"]
[ECO "D03"]
[NIC "QP.08"]
[Time "21:04:38"]
[PlyCount "67"]
[TimeControl "2700+10"]

1. d4 d5 2. Nf3 Nf6 3. Bg5 e6 4. e3 Be7 5. Nbd2 Nbd7 6. c3 b6 7. Bd3 Bb7 8.
O-O c5 9. Bc2 O-O 10. Qe2 Ne4 11. Bf4 Ndf6 12. Ng5 Rc8 13. Ngxe4 Nxe4 14.
Nxe4 dxe4 15. dxc5 Bxc5 16. Rfd1 Qe8 17. Bd6 Bxd6 18. Rxd6 Qe7 19. Rad1 Bd5
20. R6xd5 exd5 21. Rxd5 Rfd8 22. Rf5 g6 23. Rf4 f5 24. g4 Qg5 25. Kh1 Rd6
26. gxf5 Rcd8 27. fxg6 Rxg6 28. Qf1 Rd2 29. Bb3+ Kg7 30. Rf7+ Kh8 31. Rf8+
Kg7 32. Rf7+ Kh8 33. Rf8+ Kg7 34. Rf7+ { Game drawn by repetition } 1/2-1/2

[Event "ICC tourney 2413 (45 10)"]
[Site "Internet Chess Club"]
[Date "2021.02.27"]
[Round "5"]
[White "Li, Jingtu Oscar:ZYCON"]
[Black "Washburn, Samuel Richard:samwash"]
[Result "0-1"]
[ICCResult "White checkmated"]
[WhiteElo "1458"]
[BlackElo "1453"]
[Opening "QGD: Marshall defense"]
[ECO "D06"]
[NIC "QP.08"]
[Time "21:02:52"]
[PlyCount "134"]
[TimeControl "2700+10"]

1. d4 d5 2. c4 Nf6 3. cxd5 Nxd5 4. e4 Nb6 5. Nf3 Bg4 6. Be2 Nc6 7. d5 Bxf3
8. Bxf3 Ne5 9. O-O Qd6 10. Nc3 O-O-O 11. Bg4+ Kb8 12. f4 Nxg4 13. Qxg4 g6
14. Be3 Bg7 15. Rfd1 Nc4 16. Qe2 Nxe3 17. Qxe3 c6 18. dxc6 Qxc6 19. e5 Rhe8
20. Rd2 Rxd2 21. Qxd2 Qb6+ 22. Qf2 Qa5 23. Rd1 Rd8 24. Rxd8+ Qxd8 25. Qe3
e6 26. g3 Bf8 27. Kf2 b6 28. Ke2 Bc5 29. Qd3 Qe7 30. Ne4 Kc7 31. Nxc5 Qxc5
32. Qc3 Qxc3 33. bxc3 Kc6 34. a4 Kc5 35. Kd3 a6 36. h3 h6 37. g4 h5 38.
gxh5 gxh5 39. h4 b5 40. axb5 Kxb5 41. Kd4 a5 42. Kd3 a4 43. Kc2 Kc4 44. Kd2
a3 45. Kc2 a2 46. Kb2 a1=Q+ 47. Kxa1 Kxc3 48. Kb1 Kd3 49. Kc1 Ke3 50. Kd1
Kxf4 51. Kd2 Kxe5 52. Ke3 Kf5 53. Kf3 e5 54. Ke3 Kg4 55. Ke4 f6 56. Ke3
Kxh4 57. Kf3 Kg5 58. Kg3 e4 59. Kf2 h4 60. Kg2 f5 61. Kf2 Kg4 62. Kg2 e3
63. Kf1 f4 64. Kg2 h3+ 65. Kh2 e2 66. Kg1 Kg3 67. Kh1 e1=Q# { White
checkmated } 0-1

[Event "ICC tourney 2413 (45 10)"]
[Site "Internet Chess Club"]
[Date "2021.02.27"]
[Round "5"]
[White "GHOSH, KRISH N:krishghosh"]
[Black "Pulijala, Akshaj:akshajp"]
[Result "1/2-1/2"]
[ICCResult "Game drawn by repetition"]
[WhiteElo "1512"]
[BlackElo "1392"]
[Opening "Queen's pawn: London system"]
[ECO "A45"]
[NIC "QP.07"]
[Time "21:02:47"]
[PlyCount "191"]
[TimeControl "2700+10"]

1. d4 Nf6 2. Bf4 d6 3. e3 g6 4. Nd2 Bg7 5. Ngf3 Nh5 6. Bg3 Nxg3 7. hxg3 e5
8. dxe5 dxe5 9. e4 Nc6 10. Be2 Be6 11. c3 Qe7 12. Bb5 Bd7 13. O-O O-O 14.
Qc2 Nb4 15. Qa4 Nc6 16. Rad1 a6 17. Bxc6 Bxc6 18. Qc2 Rad8 19. Rfe1 Rfe8
20. Nf1 Rd7 21. Rxd7 Bxd7 22. Ne3 c6 23. Rd1 Be6 24. b3 Rf8 25. g4 f6 26.
Qd3 Bh6 27. Nh2 Bxe3 28. Qxe3 Rd8 29. Qe2 Rxd1+ 30. Qxd1 Qd7 31. Qf3 Kf7
32. g5 Qe7 33. gxf6 Qxf6 34. Ng4 Bxg4 35. Qxg4 Qe6 36. Qf3+ Qf6 37. Qh3 h5
38. Qd7+ Qe7 39. Qd3 Qe6 40. c4 Ke7 41. Qd2 Qd6 42. Qg5+ Qf6 43. Qh6 Kf7
44. Qe3 Kg7 45. a3 Qd6 46. b4 Qf6 47. Qc5 Qf4 48. Qe7+ Kh6 49. g3 Qxe4 50.
Qxb7 Qxc4 51. Qd7 c5 52. Qd2+ Kg7 53. bxc5 Qxc5 54. Qd7+ Kf6 55. Qd8+ Qe7
56. Qb6+ Qe6 57. Qd8+ Kf5 58. Qh4 Qd5 59. Qh3+ Ke4 60. Qg2+ Kd4 61. Qf1 Qc4
62. Qd1+ Kc5 63. Qd7 Qd5 64. Qc7+ Kb5 65. Qb8+ Kc5 66. Qb4+ Kc6 67. Qa4+
Kb7 68. Qc2 Qc6 69. Qb3+ Kc7 70. Qf7+ Kb6 71. Qb3+ Kc7 72. Qe3 Qd6 73. Qa7+
Kd8 74. Qa8+ Ke7 75. Qb7+ Ke6 76. Qc8+ Kd5 77. Qg8+ Kd4 78. Qa2 Ke4 79.
Qc2+ Kd5 80. Qd3+ Kc5 81. Qc3+ Kd5 82. Qb3+ Kc5 83. f3 Qd4+ 84. Kg2 Qd2+
85. Kh1 Qe1+ 86. Kg2 Qe2+ 87. Kh3 Qf1+ 88. Kh2 Qf2+ 89. Kh1 Qf1+ 90. Kh2
Qf2+ 91. Kh1 Qf1+ 92. Kh2 Qf2+ 93. Kh1 Qf1+ 94. Kh2 Qf2+ 95. Kh1 Qf1+ 96.
Kh2 { Game drawn by repetition } 1/2-1/2